 Dungeon Crawl Stone Soup version 0.29-a0-643-ga013cefcf8 (webtiles) character file.

Game seed: 16820878586388702451

5495 HoaS the Marksgargoyle (level 10, 0/53 HPs)
             Began as a Gargoyle Hunter on June 19, 2022.
             Was an Elder of Okawaru.
             Slain by a centaur warrior
             ... wielding a +0 club
              (2 damage)
             ... on level 9 of the Dungeon.
             The game lasted 00:24:29 (10480 turns).

HoaS the Marksgargoyle (Gargoyle Hunter)           Turns: 10480, Time: 00:24:30

Health: 0/53       AC: 16    Str: 14    XL:     10   Next: 69%
Magic:  10/12      EV: 19    Int: 17    God:    Okawaru [****..]
Gold:   251        SH:  0    Dex: 17    Spells: 9/9 levels left

rFire   . . .      SeeInvis .   a - +3 shortbow
rCold   . . .      Faith    .   (shield currently unavailable)
rNeg    + . .      Spirit   .   o - +0 steam dragon scales
rPois   ∞          Reflect  .   (no helmet)
rElec   +          Harm     .   s - +2 cloak
rCorr   .          Rampage  .   (no gloves)
Will    .....                   (no boots)
Stlth   +++.......              (no amulet)
HPRegen 0.17/turn               l - +6 ring of intelligence
MPRegen 0.13/turn               h - +4 ring of evasion

@: heroic, hasted, very quick
A: sickness immunity, AC +7, negative energy resistance 1, electricity
resistance, torment resistance 1, petrification resistance
a: Renounce Religion, Heroism, Finesse


You were on level 9 of the Dungeon.
You worshipped Okawaru.
Okawaru was greatly pleased with you.
You visited 2 branches of the dungeon, and saw 10 of its levels.

You collected 329 gold pieces.
You spent 78 gold pieces at shops.

Inventory:

Hand Weapons
 a - a +3 shortbow (weapon)
Missiles
 q - 2 throwing nets
Armour
 o - +0 steam dragon scales (worn)
 s - a +2 cloak (worn)
Jewellery
 h - a +4 ring of evasion (right hand)
 l - a +6 ring of intelligence (left hand)
Wands
 d - a wand of light (10)
 t - a wand of digging (4)
 u - a wand of flame (39)
 v - a wand of mindburst (8)
Scrolls
 b - a scroll of blinking
 c - 4 scrolls of immolation
 p - a scroll of teleportation
 r - a scroll of silence
 x - a scroll of magic mapping
Potions
 e - a potion of flight
 f - a potion of cancellation
 g - a potion of ambrosia
 i - a potion of resistance {unknown}
 j - a potion of haste
 k - 3 potions of attraction
 m - a potion of magic {unknown}
 n - a potion of invisibility {unknown}


   Skills:
 - Level 2.1(7.1) Fighting
 * Level 15.5(20.5) Bows
 - Level 1.5(6.5) Dodging
 - Level 1.1(6.1) Stealth
 - Level 3.0 Invocations


You had 9 spell levels left.
You didn't know any spells.
Your spell library contained the following spells:

 Spells                   Type           Power      Damage    Failure   Level
 Sandblast                Erth           0%         2d4       24%         1
 Blink                    Tloc           0%         N/A       34%         2
 Passwall                 Tmut/Erth      0%         N/A       34%         2
 Poisonous Vapours        Pois/Air       0%         N/A       34%         2
 Stone Arrow              Conj/Erth      0%         3d7       56%         3
 Corpse Rot               Necr/Pois/Air  0%         N/A       93%         4
 Hailstorm                Conj/Ice       0%         3d3       93%         4
 Ice Form                 Ice/Tmut       0%         N/A       93%         4
 Olgreb's Toxic Radiance  Pois           0%         N/A       93%         4
 Manifold Assault         Tloc           0%         N/A       100%        5
 Eringya's Noxious Bog    Tmut/Pois      0%         N/A       100%        6
 Orb of Destruction       Conj           0%         9d5       100%        7
 Ozocubu's Refrigeration  Ice            0%         4d5       100%        7
 Storm Form               Tmut/Air       0%         N/A       100%        7
 Ignition                 Fire           0%         3d3       100%        8
 Summon Guardian Golem    Hex/Summ       Unusable   N/A       N/A         3
 Summon Forest            Summ/Tloc      Unusable   N/A       N/A         5
 Simulacrum               Ice/Necr       Unusable   N/A       N/A         6
 Spellforged Servitor     Conj/Summ      Unusable   N/A       N/A         7
 Summon Hydra             Summ           Unusable   N/A       N/A         7

Dungeon Overview and Level Annotations

Branches:
Dungeon (9/15)             Temple (1/1) D:4            Lair (0/6) D:9
    Orc: D:9-12

Altars:
Ashenzari
Cheibriados
Dithmenos
Elyvilon
Fedhas
Gozag
Hepliaklqana
Kikubaaqudgha
Makhleb
Nemelex Xobeh
Okawaru
Qazlal
Ru
Sif Muna
Trog
Uskayaw
Vehumet
Wu Jian
Xom
Yredelemnul
Zin
The Shining One

Shops:
D:1 :   D:2 [   D:5 [   D:7 ?

Annotations:
D:6 Duvessa
D:8 2 transporters


Innate Abilities, Weirdness & Mutations

You are immune to sickness and miasma.
Your stone body is resilient. (AC +7)
You are immune to poison.
You resist negative energy. (rN+)
You are resistant to electric shocks. (rElec)
You are resistant to unholy torment.
You are immune to petrification.


Message History

There is a stone staircase leading down here.
You climb downwards.
There is a stone staircase leading up here.
A centaur warrior comes into view. It is wielding a +0 club.
You shoot an arrow. The centaur warrior shouts!
The arrow hits the centaur warrior.
The centaur warrior is lightly wounded.
The centaur warrior unwields a +0 club.
The centaur warrior wields a +0 longbow.
The centaur warrior shoots an arrow.
The arrow completely misses you.
You shoot an arrow.
The arrow closely misses the centaur warrior.
You shoot an arrow.
The arrow completely misses the centaur warrior.
The centaur warrior shoots an arrow.
The arrow hits you!!
The centaur warrior shoots an arrow.
The arrow hits you!
You are too injured to fight recklessly!
The centaur warrior shoots an arrow.
The arrow hits you!
The centaur warrior shoots an arrow.
The arrow hits you.
* * * LOW HITPOINT WARNING * * *
You are too injured to fight recklessly!
You are too injured to fight recklessly!
You are too injured to fight recklessly!
You feel yourself speed up.
The centaur warrior unwields a +0 longbow.
The centaur warrior wields a +0 club.
The centaur warrior hits you with a +0 club!
* * * LOW HITPOINT WARNING * * *
The centaur warrior closely misses you.
You gain the combat prowess of a mighty hero.
The centaur warrior hits you but does no damage.
The centaur warrior completely misses you.
Shoot: a) +3 shortbow
Press: ? - help, Q - select action, (/) - cycle Shift-Dir - straight line, f/p - centaur warrior
Aim: a centaur warrior, wielding a +0 club (lightly wounded, 78% to hit)
You shoot an arrow.
The arrow barely misses the centaur warrior.
The centaur warrior hits you with a +0 club.
You die...

...........#
.#.......#.#
.#...)...#.#####
.##.....##.....#
.###)..###.###.#
.........#.# #.#
.........#.# #)#
.........#.# #.########
.........#.###.c@.[[[.#
)........#.#.....####.#
)#######(#.#.###.#<.#.##
)# #.#.#.# #.#..#.(## )#
#.#.#.# #.##.#...# .#
#^#...# #....#Y_.# .#
#.############o..# .#
#......oY..Y....## .#
##.##############


You could see a centaur warrior.

Vanquished Creatures
  Pikel (D:4)
  2 hornets (D:8)
  A troll (D:8)
  A wyvern (D:9)
  4 yaks (D:9)
  Menkaure (D:5)
  2 steam dragons (D:8)
  3 wargs (D:9)
  2 orc warriors
  An ice beast (D:6)
  A sky beast (D:7)
  2 black bears
  2 ogres
  2 centaurs
  A phantom (D:6)
  4 lemures
  2 kobold brigands
  A gnoll sergeant (D:5)
  3 bullfrogs
  3 scorpions
  Dowan (D:6)
  2 killer bees
  A howler monkey (D:8)
  5 hounds
  2 jellies
  Crazy Yiuf (D:5)
  2 gnoll shamans
  10 orc priests
  16 orc wizards
  15 gnolls
  4 adders
  A white imp (D:5)
  An ufetubus (D:5)
  2 worms
  5 dart slugs
  40 orcs
  5 ball pythons
  4 endoplasms
  3 giant cockroaches
  6 hobgoblins
  3 jackals (D:2)
  3 quokkas
  7 bats
  2 frilled lizards (D:3)
  7 goblins
  18 kobolds
  3 rats
208 creatures vanquished.

Notes
Turn   | Place    | Note
-------+----------+-------------------------------------------
     0 | D:1      | HoaS the Gargoyle Hunter began the quest for the Orb.
     0 | D:1      | Reached XP level 1. HP: 12/12 MP: 1/1
   331 | D:1      | Reached XP level 2. HP: 17/17 MP: 2/2
   445 | D:1      | Found Yfiom's Book Shoppe.
   742 | D:2      | Found a stormy altar of Qazlal.
   793 | D:2      | Found Tolec's Armour Shop.
   847 | D:2      | Reached XP level 3. HP: 21/21 MP: 3/3
   853 | D:2      | Reached skill level 5 in Bows
   866 | D:2      | Found a faded altar of an unknown god.
  1447 | D:3      | Reached XP level 4. HP: 26/26 MP: 4/4
  1773 | D:3      | Found an ornate altar of the Wu Jian Council.
  2151 | D:4      | Reached skill level 6 in Bows
  2151 | D:4      | Reached XP level 5. HP: 28/30 MP: 5/5
  2167 | D:4      | Noticed a black bear
  2191 | D:4      | Killed a black bear
  2209 | D:4      | Reached skill level 7 in Bows
  2209 | D:4      | Reached XP level 6. HP: 35/35 MP: 6/6
  2510 | D:4      | Noticed Pikel
  3158 | D:4      | Found a staircase to the Ecumenical Temple.
  3165 | Temple   | Entered the Ecumenical Temple
  3174 | Temple   | Became a worshipper of Warmaster Okawaru
  3206 | D:4      | Killed Pikel
  3206 | D:4      | Reached * piety under Okawaru
  3207 | D:4      | Reached skill level 9 in Bows
  3207 | D:4      | Reached XP level 7. HP: 29/40 MP: 6/9
  3427 | D:5      | Entered Level 5 of the Dungeon
  3449 | D:5      | Noticed Menkaure
  3454 | D:5      | Killed Menkaure
  3455 | D:5      | Reached XP level 8. HP: 44/44 MP: 10/10
  3460 | D:5      | Reached ** piety under Okawaru
  3618 | D:5      | Reached skill level 10 in Bows
  4030 | D:5      | Found Umatridu's Antique Armour Shoppe.
  4241 | D:5      | Found a runed translucent door.
  4242 | D:5      | Noticed Crazy Yiuf
  4464 | D:5      | Killed Crazy Yiuf
  4480 | D:5      | Identified the +5 mace "Miotiah" {elec, rF+ MP+9 Dex-2}
  4663 | D:6      | Reached skill level 11 in Bows
  4767 | D:6      | Reached XP level 9. HP: 42/48 MP: 11/11
  4843 | D:6      | Reached *** piety under Okawaru
  5171 | D:6      | Noticed Dowan
  5189 | D:6      | Killed Dowan
  5190 | D:6      | Reached skill level 12 in Bows
  5250 | D:7      | Found a shadowy altar of Dithmenos.
  5565 | D:7      | Found Siqarave's Magic Scroll Boutique.
  5570 | D:7      | Bought a scroll of teleportation for 39 gold pieces
  5570 | D:7      | Bought a scroll of teleportation for 39 gold pieces
  5933 | D:7      | Found a shimmering blue altar of Sif Muna.
  6097 | D:6      | Noticed Duvessa
  7080 | D:8      | Reached skill level 13 in Bows
  7413 | D:8      | Found a broken altar of Ashenzari.
  7437 | D:8      | Noticed a hornet
  7533 | D:8      | Noticed a hornet
  8008 | D:9      | Reached XP level 10. HP: 53/53 MP: 12/12
  8199 | D:9      | Reached skill level 14 in Bows
  8215 | D:9      | Reached **** piety under Okawaru
  8398 | D:9      | Found a staircase to the Lair.
  8458 | D:9      | Found a burning altar of Makhleb.
  8817 | D:9      | Reached skill level 15 in Bows
  9837 | D:8      | Found a hazy altar of Hepliaklqana.
 10381 | D:8      | Found a transporter.
 10381 | D:8      | Noticed a cyclops
 10383 | D:8      | Noticed a centaur warrior
 10383 | D:8      | Noticed a centaur warrior
 10398 | D:8      | Found a sacrificial altar of Ru.
 10435 | D:8      | Found a transporter.
 10471 | D:9      | Noticed a centaur warrior
 10478 | D:9      | HP: 2/53 [centaur warrior/+0 club (8)]
 10480 | D:9      | Slain by a centaur warrior

Illustrated notes

Levels and vault maps discovered:
D:1:      co_arrival_random_square_maze, layout_basic, serial_shops, shop
D:2:      layout_rooms, basic_altar, serial_shops, nicolae_square_shop,
          ebering_ecumenical_altar_rust
D:3:      layout_basic, mainiacjoe_overflow_alcove_1, minmay_statues_item
D:4:      nicolae_cairo_tiling_very_big, layout_basic,
          minmay_temple_entry_fiery, minmay_misc_feat_secret_circle, uniq_pikel
D:5:      layout_cave_pools, wad_floor_pattern_2, nicolae_take_the_stairs,
          minmay_between, uniq_crazy_yiuf_cottage, uniq_menkaure
D:6:      layout_basic, hangedman_decor_points, uniq_duvessa
D:7:      layout_loops_ring, nicolae_overflow_hidden_temple, led_sif_pool,
          serial_shops, nicolae_shop_hallway_stairs
D:8:      layout_rooms, nicolae_ashenzari_panopticon,
          gammafunk_temple_overflow_arena, lemuel_coloured_pillars_altar,
          hangedman_decor_diamond_cutter, roderic_lattice_a
D:9:      layout_basic, bloody_makhleb, erik_lair_orcish_takeover,
          grunt_potential
Temple:   nicolae_temple_no_exploring_needed

Skill      XL: |  1  2  3  4  5  6  7  8  9 10 |
---------------+-------------------------------+-----
Bows           | 5 6 7 9 11 13 15 | 15.5
Invocations    | 3 |  3.0
Fighting       | |  2.1
Dodging        | |  1.5
Stealth        | |  1.1

Action                   |  1- 3 |  4- 6 |  7- 9 | 10-12 || total
-------------------------+-------+-------+-------+-------++-------
Melee: Shortbow          |       |       |     1 |       ||     1
 Fire: Shortbow          |    82 |   132 |   431 |   251 ||   896
Invok: Heroism           |       |       |       |     4 ||     4
  Use: Scroll            |     8 |     8 |     8 |     2 ||    26
       Potion            |       |     3 |     5 |     4 ||    12
Armor: Leather armour    |     5 |    29 |    87 |    23 ||   144
       Steam dragon scal |       |       |       |    19 ||    19
Dodge: Dodged            |     5 |    39 |   163 |    86 ||   293

Table legend: (Time is in decaauts)
 A = Elapsed time spent in this place.
 B = Non-inter-level travel time spent in this place.
 C = Inter-level travel time spent in this place.
 D = Time resting spent in this place.
 E = Time spent auto-exploring this place.
 F = Levels seen in this place.
 G = Mean time per level.
                   A        B        C        D        E       F      G
               +--------+--------+--------+--------+--------+-----+--------+
         Total |  10406 |   9743 |    663 |   3389 |   4647 |  10 | 1040.6 |
       Dungeon |  10387 |   9741 |    646 |   3389 |   4647 |   9 | 1154.1 |
        Temple |     18 |      1 |     17 |      0 |      0 |   1 |   18.0 |
               +--------+--------+--------+--------+--------+-----+--------+

Top non-repeatable levels by time:
     D:6: 1510 daAuts
     D:5: 1457 daAuts
     D:9: 1423 daAuts
     D:4: 1393 daAuts
     D:8: 1272 daAuts
     D:7: 1171 daAuts
     D:3: 925 daAuts
     D:1: 751 daAuts
     D:2: 483 daAuts
  Temple: 18 daAuts
